 Dungeon Crawl Stone Soup version 0.22-a0-880-gb7b0c8b (webtiles) character file.

326 Kuinu the Grasshopper (level 6, -2/52 HPs)
             Began as a Draconian Warper on July 30, 2018.
             Was an Initiate of Okawaru.
             Killed by divine providence
             ... invoked by an orc priest
              (10 damage)
             ... on level 4 of the Dungeon.
             The game lasted 00:10:22 (3181 turns).

Kuinu the Grasshopper (Draconian Warper)            Turns: 3181, Time: 00:10:22

Health: -2/52      AC:  6    Str: 14    XL:     6   Next: 24%
Magic:  9/10       EV: 13    Int: 15    God:    Okawaru [......]
Gold:   117        SH:  0    Dex: 10    Spells: 3/10 levels left

rFire    . . .     SeeInvis .   a - +0 falchion
rCold    . . .     Gourm    .   (no shield)
rNeg     . . .     Faith    .   (armour unavailable)
rPois    .         Spirit   .   (helmet restricted)
rElec    .         Reflect  .   v - scarf {repulsion}
rCorr    .         Harm     .   (no gloves)
MR       .....                  (no boots)
Stlth    +.........             (no amulet)
HPRegen  0.17/turn              (no ring)
MPRegen  0.12/turn              (no ring)

@: repel missiles
A: unfitting armour, cold-blooded, AC +6
a: Renounce Religion


You were on level 4 of the Dungeon.
You worshipped Okawaru.
Okawaru was noncommittal.
You were near starving.

You visited 2 branches of the dungeon, and saw 5 of its levels.

You collected 117 gold pieces.

Inventory:

Hand Weapons
 a - a +0 falchion (weapon)
 i - a +1 antimagic trident
 q - a +4 quarterstaff of chaos
 t - a +0 antimagic short sword
Missiles
 d - 5 tomahawks of dispersal (quivered)
 r - 3 tomahawks
Armour
 p - a +0 cloak
 v - a scarf of repulsion (worn)
Wands
 h - a wand of flame (46)
Scrolls
 b - a scroll of fear {unknown}
 c - 2 scrolls of blinking
 e - 3 scrolls of magic mapping
 j - 2 scrolls of remove curse {unknown}
 l - a scroll of teleportation
 u - a scroll of random uselessness {unknown}
 w - 2 scrolls of enchant weapon {unknown}
Potions
 g - 2 potions of brilliance
 k - a potion of invisibility
 m - a potion of magic {unknown}
 n - 4 potions of lignification {unknown}
 o - a potion of curing {unknown}
 s - a potion of mutation {unknown}
Comestibles
 f - 4 rations


   Skills:
 * Level 3.9 Fighting
 * Level 3.5 Long Blades
 - Level 0.8 Throwing
 * Level 3.4 Dodging
 + Level 2.7 Spellcasting
 * Level 4.2 Translocations


You had 3 spell levels left.
You knew the following spells:

 Your Spells              Type           Power        Failure   Level  Hunger
a - Shroud of Golubria    Chrm/Tloc      #.........   13%         2    ##.....
b - Blink                 Tloc           N/A          5%          2    ##.....
c - Gell's Gravitas       Tloc           ##........   11%         3    ###....

Your spell library contained the following spells:

 Spells                   Type           Power        Failure   Level  Hunger
 Teleport Other           Tloc           ##......     11%         3    ###....
 Passage of Golubria      Tloc           N/A          36%         4    #####..
 Lesser Beckoning         Tloc           ##........   11%         3    ###....


Dungeon Overview and Level Annotations

Branches:
Dungeon (4/15)             Temple (1/1) D:4

Altars:
Ashenzari
Cheibriados
Dithmenos
Elyvilon
Gozag
Hepliaklqana
Kikubaaqudgha
Makhleb
Nemelex Xobeh
Okawaru
Qazlal
Ru
Sif Muna
Trog
Uskayaw
Vehumet
Wu Jian
Xom
Yredelemnul
Zin
The Shining One


Innate Abilities, Weirdness & Mutations

Your plain brown scales are hard. (AC +6)
You cannot fit into any form of body armour.
You are cold-blooded and may be slowed by cold attacks.


Message History

The orc is almost dead.
You hear some strange, mumbled words.
A puff of frost appears from out of thin air!
The puff of frost is repelled.
The orc hits you but does no damage. Something barely misses you.
Okay, then.
You hit the orc.
You kill the orc!
Okawaru accepts your kill. Something hits you.
The orc priest looks satisfied for a moment.
You hear some strange, mumbled words.
A puff of flame appears from out of thin air!
The puff of flame hits you!
* * * LOW HITPOINT WARNING * * *
Something hits you.
* * * LOW HITPOINT WARNING * * *
The orc priest invokes the aid of Beogh against you.
Beogh smites you!
You die...

#.>.#.#.####..#
#...#.#.#.#.#.#
#.###.#.#...##.#
..#..(#..#..###.#
.#..###..#...# #.#
... #...##...## #.#
....###....## #.#
..###############.#
#....)lo.o...@.#
#.###)##########
...>.....o..%#
##..(##.#....# #..#
.##.#.... .. # #
.## .. #


You could see an iguana, an orc priest and an orc.

Vanquished Creatures
  An eye of draining (D:3)
  Crazy Yiuf (D:2)
  Jessica (D:2)
  Terence (D:2)
  An iguana (D:4)
  2 gnolls
  3 adders
  2 oozes
  A dart slug (D:2)
  2 leopard geckos
  4 orcs
  4 bats
  3 giant cockroaches
  8 goblins
  4 hobgoblins
  10 jackals
  6 kobolds
  4 frilled lizards (D:1)
  9 rats
67 creatures vanquished.

Notes
Turn   | Place    | Note
-------+----------+-------------------------------------------
     0 | D:1      | Kuinu the Draconian Warper began the quest for the Orb.
     0 | D:1      | Reached XP level 1. HP: 17/17 MP: 3/3
    35 | D:1      | Reached XP level 2. HP: 11/25 MP: 5/5
    47 | D:1      | Learned a level 2 spell: Shroud of Golubria
    50 | D:1      | Learned a level 2 spell: Blink
   434 | D:1      | Reached XP level 3. HP: 28/30 MP: 6/6
   994 | D:2      | Found a snail-covered altar of Cheibriados.
  1023 | D:2      | Noticed Terence
  1035 | D:2      | Killed Terence
  1035 | D:2      | Reached XP level 4. HP: 27/38 MP: 5/7
  1245 | D:2      | Found a white marble altar of Elyvilon.
  1367 | D:2      | Found a runed door.
  1436 | D:2      | Noticed Jessica
  1446 | D:2      | Killed Jessica
  1632 | D:2      | Noticed Crazy Yiuf
  1637 | D:2      | Killed Crazy Yiuf
  1637 | D:2      | Reached XP level 5. HP: 38/45 MP: 5/8
  1729 | D:3      | Found a basalt altar of Yredelemnul.
  1911 | D:3      | Learned a level 3 spell: Gell's Gravitas
  2317 | D:3      | Found an ornate altar of the Wu Jian Council.
  2321 | D:3      | Found an ancient bone altar of Kikubaaqudgha.
  2325 | D:3      | Found a sparkling altar of Nemelex Xobeh.
  2396 | D:3      | Noticed an eye of draining
  2442 | D:3      | Killed an eye of draining
  2442 | D:3      | Reached skill level 4 in Translocations
  2442 | D:3      | Reached XP level 6. HP: 38/52 MP: 0/10
  2512 | D:3      | Found a bloodstained altar of Trog.
  3016 | D:4      | Found a glowing golden altar of the Shining One.
  3038 | D:4      | Found a staircase to the Ecumenical Temple.
  3048 | Temple   | Entered the Ecumenical Temple
  3106 | Temple   | Became a worshipper of Warmaster Okawaru
  3181 | D:4      | Killed from afar by an orc priest

Vault maps used:
D:1:      tarquinn_simple_flora_water_d, minmay_pentomino_s2
D:2:      kennysheep_slug_shrine, lemuel_doored_altar, uniq_jessica,
          uniq_crazy_yiuf_cottage, uniq_terence
D:3:      trog_eyes_of_draining, minitemple, yredelemnul_altar_generic,
          minmay_gold_behind_fungi
D:4:      minmay_temple_entry_steel_oval, first_ration,
          nicolae_tso_swordbearing_angel
Temple:   eino_temple_water

Skill      XL: |  1  2  3  4  5 |
---------------+----------------+-----
Fighting       | 3 |  3.9
Long Blades    | 3 |  3.5
Dodging        | 3 |  3.4
Translocations | 4 |  4.2
Throwing       | |  0.8
Spellcasting   | |  2.7

Action                   |  1- 3 |  4- 6 || total
-------------------------+-------+-------++-------
Melee: Falchion          |   105 |   108 ||   213
       Tailslap          |    17 |    17 ||    34
       Trident           |       |     8 ||     8
       Short sword       |       |    11 ||    11
 Cast: Shroud of Golubri |     5 |    15 ||    20
       Gell's Gravitas   |       |     1 ||     1
  Use: Scroll            |       |     5 ||     5
       Potion            |       |     1 ||     1
 Stab: Sleeping          |     1 |       ||     1
  Eat: Chunk             |     1 |     3 ||     4
       Ration            |       |     1 ||     1
Armor: Skin              |    47 |    46 ||    93
Dodge: Dodged            |   100 |   112 ||   212
       Deflected         |       |     2 ||     2
       Rpst.: Falchion   |    22 |    28 ||    50

Table legend:
 A = Spawn XP
 B = Non-spawn XP
 C = Spawn XP percentage of total XP
 D = Spawn monster count
 E = Non-spawn monster count
 F = Spawn count percentage of total count
 G = Total turns spent on level
                    A         B        C        D         E        F      G
               +---------+---------+-------+---------+---------+-------+---------
         Total |       0 |     467 |   0.0 |       0 |      67 |   0.0 |  3181
               +---------+---------+-------+---------+---------+-------+---------
           D:1 |       0 |      72 |   0.0 |       0 |      33 |   0.0 |   991
           D:2 |       0 |     157 |   0.0 |       0 |      12 |   0.0 |   714
           D:3 |       0 |     197 |   0.0 |       0 |      19 |   0.0 |   959
           D:4 |       0 |      41 |   0.0 |       0 |       3 |   0.0 |   434
               +---------+---------+-------+---------+---------+-------+---------
